 Dungeon Crawl Stone Soup version 0.28-a0-1117-g0bdd5ba030 (webtiles) character file.

Game seed: 1545971996505864840

232 freelancePsychic the Insei (level 6, 0/45 HPs)
             Began as a Djinni Transmuter on Dec 11, 2021.
             Slain by an ogre (10 damage)
             ... on level 4 of the Dungeon.
             The game lasted 00:09:01 (4632 turns).

freelancePsychic the Insei (Djinni Transmuter)      Turns: 4632, Time: 00:09:01

Health: 0/45       AC:  2    Str: 12    XL:     6   Next: 25%
Gold:   226        EV: 12    Int: 16    God:
                   SH:  0    Dex: 14

rFire   + + .      SeeInvis .     - Unarmed
rCold   x . .      Faith    .   (no shield)
rNeg    + + .      Spirit   .   a - +0 robe
rPois   ∞          Reflect  .   b - +0 hat of Moral Flaws {rPois rN++ MP-9 Str+3}
rElec   .          Harm     .   (no cloak)
rCorr   .          Rampage  .   (no gloves)
Will    .....                   (boots unavailable)
Stlth   +.........              (no amulet)
HPRegen 0.15/turn               (no ring)
MPRegen 0.00/turn               (no ring)

@: wereblooded (expiring), flying
A: sickness immunity, fire resistance 2, cold vulnerability 1, float, innate
caster, hp casting, extra vitality 1
a: no special abilities


You were on level 4 of the Dungeon.
You visited 1 branch of the dungeon, and saw 4 of its levels.

You collected 226 gold pieces.

Inventory:

Armour
 a - a +0 robe (worn)
 b - the +0 hat of Moral Flaws (worn) {rPois rN++ MP-9 Str+3}
   (You acquired it on level 2 of the Dungeon)

   Str:       It affects your strength (+3).
   rPois:     It protects you from poison.
   rN:        It greatly protects you from negative energy.
   MP:        It affects your magic capacity (-9).
Wands
 m - a wand of polymorph (9)
Scrolls
 c - a scroll of blinking {unknown}
 e - a scroll of identify {unknown}
 h - a scroll of immolation {unknown}
 i - a scroll of amnesia {unknown}
 j - a scroll of teleportation {unknown}
 k - a scroll of enchant weapon {unknown}
 l - a scroll of fear {unknown}
Potions
 d - a potion of curing {@q1}
 f - a potion of heal wounds {unknown}
 g - a potion of ambrosia {unknown}


   Skills:
 + Level 2.8 Fighting
 - Level 2.1 Dodging
 + Level 4.1 Unarmed Combat
 * Level 3.4 Spellcasting


You couldn't memorise any spells.
You knew the following spells:

 Your Spells              Type           Power      Damage    Failure   Level
a - Beastly Appendage     Tmut           26%        N/A       4%          1
b - Wereblood             Tmut           13%        N/A       7%          2
c - Spider Form           Tmut/Pois      13%        N/A       13%         3
d - Ice Form              Ice/Tmut       13%        N/A       41%         4
e - Pain                  Necr           52%        1d6       4%          1
f - Corpse Rot            Necr/Air       26%        N/A       7%          2
Your spell library was empty.

Dungeon Overview and Level Annotations

Branches:
Dungeon (4/15)
 Temple: D:4-7

Altars:
Gozag

Shops:
D:4 (

Annotations:
D:2 Sigmund


Innate Abilities, Weirdness & Mutations

You are immune to sickness and miasma.
You are immune to poison.
Your flesh is very heat resistant. (rF++)
You are vulnerable to cold. (rC-)
You float through the air rather than walking.
You learn spells naturally, not from books.
Your magical power is your life essence.
You have superior vitality. (+4 HP)


Message History

Found a stone staircase leading down.
m - a wand of polymorph (9)
A goblin comes into view. It is wielding a +0 dagger.
The goblin shouts!
You hear a shout!
Casting: Spider Form (dangerous; 13% risk of failure)
Confirm with . or Enter, or press ? or * to list all spells.
You miscast Spider Form.
You are very lightly contaminated with residual magic.
Nothing appears to happen.
Casting: Spider Form (dangerous; 13% risk of failure)
Confirm with . or Enter, or press ? or * to list all spells.
Your blood is infused with primal strength.
Casting: Wereblood (safe; 7% risk of failure)
Confirm with . or Enter, or press ? or * to list all spells.
You turn into a venomous arachnid creature.
The +0 hat of Moral Flaws {rPois rN++ MP-9 Str+3} melds into your body.
Your +0 robe melds into your body.
The goblin hits you with a +0 dagger.
You bite the goblin!
You feel a bit better.
You kill the goblin!
You hiss as the wereblood boils in your veins!
You barely miss the ogre.
You hiss as the wereblood boils in your veins!
The ogre misses you.
You hit the ogre.
The ogre is poisoned.
The ogre is lightly wounded.
You hiss as the wereblood boils in your veins!
The ogre hits you with a +0 giant spiked club!!
Ouch! That really hurt!
* * * LOW HITPOINT WARNING * * *
Your magical contamination has completely faded away.
You hiss as the wereblood boils in your veins!
Your transformation is almost over.
Items here: )))) [[ ÷÷.
The ogre looks more healthy.
Your transformation has ended.
The +0 hat of Moral Flaws {rPois rN++ MP-9 Str+3} unmelds from your body.
Your +0 robe unmelds from your body.
Your primal bloodlust is almost over.
The ogre hits you with a +0 giant spiked club!
You die...

##............<..##
#....<...........#
#................#
##................#
##................##
##.................#
#..................#
#..........O.....###
#.........@#####.#
#######..........# #)#
.................#####.##
#######..........÷......##
###########........#
##.........##
#...........##
#......)......#
##.............#


You could see an ogre.

Vanquished Creatures
  2 hounds (D:4)
  2 orc priests (D:4)
  A hound skeleton (D:3)
  3 adders
  An ufetubus (D:3)
  6 orcs (D:4)
  7 ball pythons
  7 endoplasms
  4 giant cockroaches
  3 goblins (D:4)
  5 hobgoblins
  6 kobolds
  3 quokkas
  2 bats (D:1)
  2 frilled lizards
  6 rats
60 creatures vanquished.

Notes
Turn   | Place    | Note
-------+----------+-------------------------------------------
     0 | D:1      | freelancePsychic the Djinni Transmuter began the quest for
                  | the Orb.
     0 | D:1      | Reached XP level 1. HP: 17/17 MP: 0/0
   175 | D:1      | Reached XP level 2. HP: 16/22 MP: 0/0
   912 | D:1      | Reached XP level 3. HP: 15/27 MP: 0/0
   912 | D:1      | Learned a level 1 spell: Pain
  1296 | D:2      | Noticed Sigmund
  1417 | D:2      | Identified a scroll of acquirement
  1417 | D:2      | Acquired the +0 hat of Moral Flaws {rPois rN++ MP-9 Str+3}
  1864 | D:2      | Found an opulent altar of Gozag.
  2163 | D:3      | Reached XP level 4. HP: 23/33 MP: 0/0
  2970 | D:3      | Found a faded altar of an unknown god.
  3622 | D:4      | Reached XP level 5. HP: 34/38 MP: 0/0
  3622 | D:4      | Learned a level 2 spell: Corpse Rot
  3912 | D:4      | Found Zevefi's Antique Weapon Boutique.
  4087 | D:4      | Reached skill level 4 in Unarmed Combat
  4087 | D:4      | Reached XP level 6. HP: 45/45 MP: 0/0
  4151 | D:4      | Noticed an ogre
  4632 | D:4      | Slain by an ogre

Illustrated notes

Levels and vault maps discovered:
D:1:      minmay_arrival_open_corners, layout_rooms,
          chequers_serial_rivers_small_b, nrook_loot_triangle
D:2:      layout_loops_corners, basic_altar, uniq_sigmund
D:3:      layout_basic, hellmonk_ecumenical_altar_leap_of_faith,
          kennysheep_generic_room_2
D:4:      layout_cave_pods, serial_shops, nicolae_inconvenience_store,
          uniq_eustachio

Skill      XL: |  1  2  3  4  5 |
---------------+----------------+-----
Spellcasting   | 2 3 |  3.4
Fighting       | 2 |  2.8
Unarmed Combat | 4 |  4.1
Dodging        | |  2.1

Action                   |  1- 3 |  4- 6 || total
-------------------------+-------+-------++-------
Melee: Unarmed           |   108 |    97 ||   205
       Headbutt          |    10 |     5 ||    15
 Cast: Beastly Appendage |    11 |     2 ||    13
       Wereblood         |     3 |    10 ||    13
       Pain              |    13 |       ||    13
       Spider Form       |       |     9 ||     9
       Corpse Rot        |       |     3 ||     3
  Use: Potion            |     3 |       ||     3
       Scroll            |     1 |       ||     1
 Stab: Sleeping          |     1 |     1 ||     2
Armor: Robe              |    26 |     8 ||    34
       Skin              |     6 |     4 ||    10
Dodge: Dodged            |    94 |    72 ||   166

Table legend: (Time is in decaauts)
 A = Elapsed time spent in this place.
 B = Non-inter-level travel time spent in this place.
 C = Inter-level travel time spent in this place.
 D = Time resting spent in this place.
 E = Time spent auto-exploring this place.
 F = Levels seen in this place.
 G = Mean time per level.
                   A        B        C        D        E       F      G
               +--------+--------+--------+--------+--------+-----+--------+
         Total |   4620 |   4510 |    110 |    109 |   3762 |   4 | 1155.0 |
       Dungeon |   4620 |   4510 |    110 |    109 |   3762 |   4 | 1155.0 |
               +--------+--------+--------+--------+--------+-----+--------+

Top non-repeatable levels by time:
     D:3: 1511 daAuts
     D:1: 1447 daAuts
     D:4: 1017 daAuts
     D:2: 644 daAuts
